 Dungeon Crawl Stone Soup version 0.26-a0-810-ge1a9524b62 (webtiles) character file.

Game seed: 2233203443238956532

1081 strifetoe the Cleaver (level 8, -3/48 HPs)
             Began as a Gargoyle Monk on Nov 12, 2020.
             Was an Initiate of Ru.
             Slain by an orc warrior
             ... wielding a +0 trident
              (7 damage)
             ... on level 7 of the Dungeon on Nov 13, 2020.
             The game lasted 00:09:05 (8148 turns).

strifetoe the Cleaver (Gargoyle Monk)               Turns: 8148, Time: 00:09:06

Health: -3/48      AC: 15    Str: 16    XL:     8   Next: 29%
Magic:  8/8        EV: 11    Int: 12    God:    Ru [......]
Gold:   175        SH:  0    Dex: 10    Spells: 7/7 levels left

rFire    + . .     SeeInvis +   y - +4 trident of Awkwardness {freeze, +Fly rElec rPois rN++ Dex-2}
rCold    . . .     Faith    .   (no shield)
rNeg     + + +     Spirit   .   h - +2 ring mail {rF+}
rPois    ∞         Reflect  .   E - +0 helmet {SInv}
rElec    +         Harm     .   q - +0 cloak
rCorr    .         Rampage  .   (no gloves)
MR       +....                  (no boots)
Stlth    +.........             (no amulet)
HPRegen  0.16/turn              l - ring of protection from magic
MPRegen  0.11/turn              D - ring of positive energy

@: no status effects
A: negative energy resistance 1, electricity resistance, unbreathing,
petrification resistance, rot immunity, AC +5
a: Sacrifice Resistance, Sacrifice Drink, Sacrifice Experience, Reject
Sacrifices, Renounce Religion, Evoke Flight


You were on level 7 of the Dungeon.
You worshipped Ru.
Ru was noncommittal.
You visited 2 branches of the dungeon, and saw 8 of its levels.

You collected 322 gold pieces.
You spent 147 gold pieces at shops.

Inventory:

Hand Weapons
 a - a +1 hand axe
 m - a +2 mace of protection
 p - a +3 quarterstaff of chaos
 y - the +4 trident of Awkwardness (weapon) {freeze, +Fly rElec rPois rN++ Dex-2}
   (You found it on level 6 of the Dungeon)

   It has been specially enchanted to freeze those struck by it, causing extra
   injury to most foes and up to half again as much damage against particularly
   susceptible opponents.
   It can also slow down cold-blooded creatures.
   It affects your dexterity (-2).
   It insulates you from electricity.
   It protects you from poison.
   It greatly protects you from negative energy.
   It lets you fly.
Armour
 b - a +0 robe
 h - a +2 ring mail of fire resistance (worn)
 q - a +0 cloak (worn)
 s - a +0 plate armour
 t - a +1 hat of intelligence
 E - a +0 helmet of see invisible (worn)
Jewellery
 l - a ring of protection from magic (left hand)
 D - a ring of positive energy (right hand)
Wands
 A - a wand of digging (5)
 C - a wand of acid (5)
Scrolls
 c - 2 scrolls of identify
 e - 2 scrolls of fog
 g - a scroll of magic mapping
 j - 3 scrolls of teleportation
 k - 4 scrolls of enchant weapon
 n - 2 scrolls of remove curse
 r - a scroll of amnesia
 u - a scroll of vulnerability {unknown}
 v - a scroll of fear
 B - a scroll of immolation
Potions
 d - 2 potions of attraction
 i - 2 potions of flight
 o - 2 potions of heal wounds
 w - a potion of cancellation
 x - a potion of resistance
 z - a potion of curing


   Skills:
 + Level 4.6 Fighting
 - Level 8.0(8.1) Axes
 + Level 1.9(5.3) Polearms
 + Level 2.9 Armour
 - Level 2.4 Dodging
 - Level 2.1 Stealth


You had 7 spell levels left.
You didn't know any spells.
Your spell library contained the following spells:

 Spells                   Type           Power        Failure   Level
 Beastly Appendage        Tmut           #.....       52%         1
 Wereblood                Tmut           #.......     67%         2
 Spider Form              Tmut/Pois      #.........   88%         3
 Ice Form                 Ice/Tmut       #.......     99%         4
 Blade Hands              Tmut           #.........   100%        5


Dungeon Overview and Level Annotations

Branches:
Dungeon (7/15)             Temple (1/1) D:5

Altars:
Ashenzari
Cheibriados
Dithmenos
Elyvilon
Gozag
Hepliaklqana
Kikubaaqudgha
Makhleb
Nemelex Xobeh
Okawaru
Qazlal
Ru
Sif Muna
Trog
Uskayaw
Vehumet
Xom
Yredelemnul
Zin
The Shining One

Shops:
D:4 [

Annotations:
D:4 exclusion: 2 downstairs


Innate Abilities, Weirdness & Mutations

You are resistant to torment.
Your stone body is resilient. (AC +5)
You are immune to poison.
You resist negative energy. (rN+)
You are resistant to electric shocks. (rElec)
You can survive without breathing.
You are immune to petrification.
You are immune to rotting.


Message History

The orc hits you but does no damage.
Unknown command.
You hit the orc warrior. You freeze the orc warrior.
The orc warrior is almost dead.
The orc warrior hits you with a +0 trident!
You barely miss the orc warrior.
The orc warrior is almost dead.
The orc hits you from afar with a +0 trident.
The orc warrior hits you with a +0 trident!
* * * LOW HITPOINT WARNING * * *
Unknown command.
You hit the orc warrior but do no damage.
The orc warrior is almost dead.
The orc barely misses you. The orc warrior barely misses you.
Unknown command.
You barely miss the orc warrior.
The orc warrior is almost dead.
The orc barely misses you.
The orc warrior hits you with a +0 trident!
You die...

#### ##..#
##(..#
#.<@.#
###(o##
##^.(o.#.#
#........#
##..........
#...$......
#....#...###
#.........#
##.#...###.#


You could see an orc warrior (corroded) and an orc.

Vanquished Creatures
  An orc warrior (D:5)
  An ice beast (D:5)
  A centaur (D:5)
  A bullfrog (D:5)
  A scorpion (D:6)
  A jelly (D:6)
  4 orc priests (D:6)
  Crazy Yiuf (D:3)
  2 iguanas (D:4)
  5 orc wizards (D:6)
  2 worker ants (D:4)
  Robin (D:3)
  A howler monkey zombie (D:6)
  A worker ant zombie (D:5)
  9 adders
  A shadow imp (D:6)
  3 white imps
  2 oozes
  2 adder skeletons (D:4)
  An adder zombie (D:5)
  5 worms
  3 leopard geckos
  12 orcs
  5 giant cockroaches
  10 goblins
  11 hobgoblins
  4 jackals (D:4)
  4 quokkas
  2 ball pythons (D:5)
  10 bats
  5 frilled lizards
  A jackal skeleton (D:4)
  5 kobolds
  A quokka zombie (D:6)
  3 rats (D:1)
122 creatures vanquished.

Notes
Turn   | Place    | Note
-------+----------+-------------------------------------------
     0 | D:1      | strifetoe the Gargoyle Monk began the quest for the Orb.
     0 | D:1      | Reached XP level 1. HP: 14/14 MP: 1/1
     0 | D:1      | Upgraded the game from 0.26-a0-800-g517d6fe721 to
                  | 0.26-a0-810-ge1a9524b62
    88 | D:1      | Reached skill level 3 in Axes
   407 | D:1      | Reached XP level 2. HP: 18/19 MP: 2/2
   942 | D:2      | Reached XP level 3. HP: 19/23 MP: 3/3
  1174 | D:2      | Found a radiant altar of Vehumet.
  1208 | D:2      | Reached skill level 4 in Axes
  1468 | D:2      | Reached XP level 4. HP: 20/28 MP: 4/4
  1746 | D:2      | Found a shimmering blue altar of Sif Muna.
  1922 | D:3      | Found a basalt altar of Yredelemnul.
  2170 | D:3      | Found a runed translucent door.
  2171 | D:3      | Noticed Crazy Yiuf
  2275 | D:3      | Noticed Robin
  2311 | D:3      | Killed Robin
  2647 | D:3      | Reached skill level 5 in Axes
  2647 | D:3      | Reached XP level 5. HP: 29/32 MP: 5/5
  2673 | D:3      | Found a shimmering altar of Xom.
  2679 | D:3      | Found a shimmering altar of Xom.
  2679 | D:3      | Found a shimmering altar of Xom.
  2679 | D:3      | Found a shimmering altar of Xom.
  2680 | D:3      | Found a shimmering altar of Xom.
  2682 | D:3      | Found a shimmering altar of Xom.
  3068 | D:3      | Killed Crazy Yiuf
  3205 | D:4      | Found a white marble altar of Elyvilon.
  3325 | D:4      | Reached skill level 6 in Axes
  3325 | D:4      | Reached XP level 6. HP: 11/37 MP: 6/6
  3713 | D:4      | Found a glowing silver altar of Zin.
  3725 | D:4      | Found Ocvaunil's Antique Armour Shoppe.
  3731 | D:4      | Bought an embroidered hat for 147 gold pieces
  3793 | D:4      | Found a shimmering altar of Xom.
  4036 | D:5      | Entered Level 5 of the Dungeon
  4039 | D:5      | Found an ancient bone altar of Kikubaaqudgha.
  4069 | D:5      | Noticed an orc warrior
  4538 | D:5      | Found a staircase to the Ecumenical Temple.
  4562 | Temple   | Entered the Ecumenical Temple
  4775 | Temple   | Became a worshipper of Ru the Awakened
  4811 | D:5      | Found a stormy altar of Qazlal.
  4831 | D:5      | Reached skill level 7 in Axes
  4831 | D:5      | Reached XP level 7. HP: 25/41 MP: 7/7
  5061 | D:6      | Found a shadowy altar of Dithmenos.
  5865 | D:5      | HP: 2/41 [orc warrior/+0 flail (6)]
  5987 | D:6      | Found a broken altar of Ashenzari.
  6009 | D:6      | Got a fading trident
  6010 | D:6      | Identified the +4 trident of Awkwardness {freeze, +Fly
                  | rElec rPois rN++ Dex-2} (You found it on level 6 of the
                  | Dungeon)
  6493 | D:6      | Reached skill level 1 in Armour
  6574 | D:6      | Reached skill level 8 in Axes
  6611 | D:6      | Reached XP level 8. HP: 26/48 MP: 8/8
  6614 | D:6      | Found a sparkling altar of Nemelex Xobeh.
  6801 | D:6      | Reached skill level 1 in Polearms
  6897 | D:6      | Found a snail-covered altar of Cheibriados.
  8148 | D:7      | Slain by an orc warrior

Illustrated notes

Levels and vault maps discovered:
D:1:      scummos_arrival_simple_fountains, layout_loops_cross,
          minmay_misc_feat_room, minmay_octomino_j4
D:2:      layout_loops_ring, nicolae_overflow_crystal_walls, marbit_many_paths
D:3:      layout_rooms, lemuel_crystal_altar, chequers_serial_rivers_small_a,
          xom_redecorated, uniq_robin, uniq_crazy_yiuf_cottage
D:4:      minmay_inner_zag, layout_cave_pools, zin_statuary, elyvilon_altar_4,
          serial_shops, shop, lemuel_tele_altar
D:5:      layout_loops_ring, lemuel_crystal_altar,
          minmay_temple_entry_mini_moons, basic_altar
D:6:      layout_rooms, nicolae_dithmenos_through_a_glass_darkly,
          nicolae_ashenzari_panopticon, nemelex_altar_shiori, kennysheep_mini
D:7:      layout_cave_pools, old_standard_altar, basic_altar
Temple:   compressed_dpeg_triangle_lava_temple

Skill      XL: |  1  2  3  4  5  6  7  8 |
---------------+-------------------------+-----
Axes           | 3 4 5 6 7 8 |  8.0
Armour         | 1 2 |  2.9
Fighting       | 4 |  4.6
Polearms       | 1 |  1.9
Dodging        | |  2.4
Stealth        | |  2.1

Action                   |  1- 3 |  4- 6 |  7- 9 || total
-------------------------+-------+-------+-------++-------
Melee: Hand axe          |    93 |   333 |    57 ||   483
       Trident           |       |       |   109 ||   109
Evoke: Wand              |       |     2 |     1 ||     3
  Use: Potion            |       |     3 |     3 ||     6
       Scroll            |       |       |    17 ||    17
 Stab: Sleeping          |     3 |     2 |       ||     5
       Distracted        |       |       |     1 ||     1
Armor: Robe              |     5 |       |       ||     5
       Ring mail         |    31 |   155 |    62 ||   248
Dodge: Dodged            |    58 |   175 |    72 ||   305

Table legend: (Time is in decaauts)
 A = Elapsed time spent in this place.
 B = Non-inter-level travel time spent in this place.
 C = Inter-level travel time spent in this place.
 D = Time resting spent in this place.
 E = Time spent auto-exploring this place.
 F = Levels seen in this place.
 G = Mean time per level.
                   A        B        C        D        E       F      G
               +--------+--------+--------+--------+--------+-----+--------+
         Total |   8166 |   7870 |    296 |   2669 |   3927 |   8 | 1020.8 |
       Dungeon |   7942 |   7648 |    294 |   2669 |   3751 |   7 | 1134.6 |
        Temple |    223 |    221 |      2 |      0 |    176 |   1 |  223.0 |
               +--------+--------+--------+--------+--------+-----+--------+

Top non-repeatable levels by time:
     D:5: 1716 daAuts
     D:6: 1585 daAuts
     D:4: 1250 daAuts
     D:3: 1221 daAuts
     D:2: 988 daAuts
     D:1: 931 daAuts
     D:7: 249 daAuts
  Temple: 223 daAuts
